AoeStats
← Der Sprudel

Arabia

508189594Analyzed
1v1 RM · 11d ago on Sep 21, 2026· 48m 1s· 2 players
Game mode
Random Map
Map size
Tiny (2 player)
Population
200
Speed
Normal
Resources
Standard
Victory
Conquest
Starting age
Dark Age
Ending age
Imperial Age
RankedLock teamsTeams togetherTeam positionsShared explorationLock speedFull tech treeHidden civsTurbo modeCheats
Victory
Defeat
1260
+17
🇩🇪 Sicilians · Germany
1282
-17
江泽民胡锦涛习近平
10:04 Feudal Age
8:20 Loom
12:53 Fletching
13:22 Double-Bit Axe
18:23 Castle Age
17:11 Horse Collar
23:12 Stone Mining
24:36 Bow Saw
25:47 Heavy Plow
27:07 Padded Archer Armor
27:33 Gold Mining
28:59 Wheelbarrow
28:45 Leather Archer Armor
30:13 Hand Cart
30:44 Grand Trunk Road
31:59 Scale Barding Armor
32:06 Bloodlines
34:46 Imperial Age
32:18 Light Cavalry
32:58 Husbandry
33:29 Forging
34:15 Chain Barding Armor
33:58 Town Watch
34:38 Squires
34:23 Arson
35:17 Iron Casting
36:31 Chemistry
35:52 Ballistics
35:55 Conscription
35:13 Heavy Camel Rider
37:00 Two-Man Saw
37:10 Ring Archer Armor
37:32 Gold Shaft Mining
37:48 Plate Barding Armor
38:09 Shatagni
41:51 Blast Furnace
41:42 Imperial Camel Rider
44:59 Hussar
Der Sprudel
7:33 Loom
7:37 Loom
10:05 Feudal Age
10:52 Double-Bit Axe
11:03 Horse Collar
19:09 Fletching
19:20 Scale Mail Armor
22:46 Castle Age
21:22 Fletching
22:38 Gold Mining
24:15 Bow Saw
25:12 Wheelbarrow
24:27 Town Watch
25:17 Scale Barding Armor
27:42 Forging
32:22 Imperial Age
30:57 Hand Cart
33:14 Iron Casting
33:10 Bloodlines
33:00 Husbandry
32:29 Pikeman
33:49 Cavalier
35:10 Scale Mail Armor
36:08 Chain Barding Armor
36:55 Chain Mail Armor
36:05 Halberdier
37:46 Squires
37:38 Arson
39:54 Conscription
40:45 Plate Mail Armor
39:41 Light Cavalry
41:46 Plate Barding Armor
43:26 Blast Furnace
42:28 Padded Archer Armor
43:18 Onager
45:23 Stone Mining
46:12 Gold Shaft Mining
46:40 Bodkin Arrow
47:01 Leather Archer Armor
Connection lost

Rejoining the realm…

Still unreachable

The connection could not be restored.

Session expired

The server has moved on; the page needs a fresh start.